 Dungeon Crawl Stone Soup version 0.31-b1-22-gc680215f68 (webtiles) character file.

Game seed: 11611934583958423581

87 GreatBamboolord the Firebug (level 4, -1/36 HPs)
             Began as a Deep Elf Fire Elementalist on Jan 18, 2024.
             Slain by a gnoll
             ... wielding a +0 flail
              (5 damage)
             ... on level 2 of the Dungeon.
             The game lasted 00:04:20 (1512 turns).

GreatBamboolord the Firebug (DEFE)                  Turns: 1512, Time: 00:04:21

Health: -1/36      AC:  2    Str:  5    XL:     4   Next: 28%
Magic:  1/11       EV: 13    Int: 22    God:
Gold:   69         SH:  0    Dex: 15    Spells: 4/10 levels left

rFire   . . .        e - +0 dagger
rCold   . . .        (no shield)
rNeg    . . .        a - +0 robe
rPois   +            (no helmet)
rElec   .            (no cloak)
rCorr   .            (no gloves)
SInv    .            (no boots)
Will    .....        (no amulet) Stlth
                     g - ring of poison resistance
HPRegen 0.26/turn    (no ring)
MPRegen 0.12/turn

%: no passive effects
@: berserking, very quick
A: no striking features
a: no special abilities


You were on level 2 of the Dungeon.
You visited 1 branch of the dungeon, and saw 2 of its levels.

You collected 69 gold pieces.

Inventory:

Hand Weapons
 e - a +0 dagger (weapon)
Armour
 a - a +0 robe (worn)
Jewellery
 g - a ring of poison resistance (left hand)
Scrolls
 d - a scroll of acquirement
 f - a scroll of immolation {unknown}
 h - a scroll of vulnerability {unknown}
Potions
 b - a potion of magic
 i - a potion of mutation {unknown}
 j - a potion of lignification {unknown}


   Skills:
 + Level 0.6 Fighting
 * Level 3.2 Dodging
 + Level 2.8 Stealth
 * Level 3.8 Spellcasting
 * Level 2.1 Conjurations
 * Level 3.8 Fire Magic
 * Level 0.5 Earth Magic


You had 4 spell levels left.
You knew the following spells:

 Your Spells              Type           Power      Damage    Failure   Level
a - Foxfire               Conj/Fire      68%        2x1d7     3%          1
b - Scorch                Fire           42%        2d6       3%          2
c - Stone Arrow           Conj/Erth      20%        3d8       21%         3

Your spell library contained the following spells:

 Spells                   Type           Power      Damage    Failure   Level
 Sandblast                Erth           12%        2d6       9%          1
 Inner Flame              Hex/Fire       12%        N/A       16%         3
 Volatile Blastmotes      Fire/Tloc      24%        2d12      16%         3
 Dazzling Flash           Conj/Hex       16%        N/A       22%         3
 Mephitic Cloud           Conj/Alch/Air  7%         N/A       26%         3
 Passwall                 Erth           6%         N/A       26%         3
 Flame Wave               Conj/Fire      17%        2d7       32%         4
 Brom's Barrelling Bould  Conj/Erth      10%        2d3       54%         4
 Curse of Agony           Necr           4%         N/A       97%         5
 Silence                  Hex/Air        2%         N/A       97%         5


Dungeon Overview and Level Annotations

Branches:
Dungeon (2/15)

Altars:


Message History

Flames lash the gnoll but do no damage.
The gnoll completely misses you.
Casting: Scorch (safe; 3% risk of failure)
Confirm with . or Enter, or press ? or * to list all spells.
Flames lash the gnoll.
The gnoll is burned terribly!
The gnoll is severely wounded.
Casting: Scorch (safe; 3% risk of failure)
Confirm with . or Enter, or press ? or * to list all spells.
Flames lash the gnoll.
The gnoll is burned terribly!
You kill the gnoll!
Casting: Scorch (safe; 3% risk of failure)
Confirm with . or Enter, or press ? or * to list all spells.
Flames lash the gnoll.
You kill the gnoll!
A ball python comes into view.
The ball python bites you but does no damage.
The ball python grabs you. The ball python constricts you.
The ball python bites you. The ball python constricts you.
You escape the ball python's grasp.
The ball python completely misses you. The ball python grabs you.
The ball python constricts you. The gnoll attacks as it pursues you!
The gnoll hits you with a +0 flail!
* * * LOW HITPOINT WARNING * * *
You escape the ball python's grasp.
The gnoll attacks as it pursues you! The gnoll barely misses you.
The ball python attacks as it pursues you!
The ball python barely misses you. The ball python grabs you.
The ball python constricts you.
* * * LOW HITPOINT WARNING * * *
This is a scroll of acquirement!
Okay, then.
Okay, then.
It was a potion of berserk rage.
A red film seems to cover your vision as you go berserk!
You feel yourself moving faster!
You feel mighty!
The ball python bites you but does no damage.
The ball python constricts you. The gnoll misses you.
You hit the ball python.
You kill the ball python!
The gnoll hits you with a +0 flail.
You die...

#..###...#######.#
#..# #...# #.#
####[.# #...# #.#
#.....# #...# #.#
#.##.## #...# #.#
#######.##.####...#
#.#
..................#
#.#
#####.#§##)#####..#
#.#
#.#.##......@.##
#.#
.......).....g.#
#.#
.#§#.##.....#.#.#
#.#
#.#.#....#.###...#
#.# #
#.#..###...##..#
#g# #.#..
#.......## #.#
#.#.#..8..#.## #g#
#.......).#..# #.#
...##...###.# #.#


You could see a gnoll.

Vanquished Creatures
  3 gnolls (D:2)
  An adder (D:2)
  A dart slug (D:1)
  6 endoplasms
  3 giant cockroaches (D:1)
  3 goblins (D:1)
  7 hobgoblins
  A quokka (D:1)
  5 ball pythons
  3 bats (D:1)
  4 frilled lizards
  8 kobolds
  2 rats (D:2)
47 creatures vanquished.

Vanquished Creatures (others)
  148 foxfires
148 creatures vanquished.

Grand Total: 195 creatures vanquished

Notes
Turn   | Place    | Note
-------+----------+-------------------------------------------
     0 | D:1      | GreatBamboolord the Deep Elf Fire Elementalist began the
                  | quest for the Orb.
     0 | D:1      | Reached XP level 1. HP: 10/10 MP: 6/6
   154 | D:1      | Reached XP level 2. HP: 15/15 MP: 1/8
   614 | D:1      | Reached XP level 3. HP: 15/20 MP: 3/9
   620 | D:1      | Learned a level 2 spell: Scorch
  1373 | D:2      | Learned a level 3 spell: Stone Arrow
  1462 | D:2      | Reached XP level 4. HP: 3/24 MP: 5/11
  1511 | D:2      | Identified a scroll of acquirement
  1512 | D:2      | Slain by a gnoll

Illustrated notes

Levels and vault maps discovered:
D:1:      matt_arrival_debris, layout_basic, minmay_distorted
D:2:      layout_loops_ring, dreamdust_ecumenical_altar_statues,
          minmay_hexomino_r4

Skill      XL: |  1  2  3 |
---------------+----------+-----
Dodging        | 3 |  3.2
Conjurations   | 2 |  2.1
Fighting       | |  0.6
Stealth        | |  2.8
Spellcasting   | |  3.8
Fire Magic     | |  3.8
Earth Magic    | |  0.5

Action                     |  1- 3 |  4- 6 || total
---------------------------+-------+-------++-------
  Melee: Unarmed           |    10 |       ||    10
         Dagger            |     4 |     1 ||     5
   Cast: Foxfire           |    85 |       ||    85
         Scorch            |     2 |     5 ||     7
    Use: Potion            |       |     1 ||     1
   Stab: Sleeping          |     1 |       ||     1
 Armour: Robe              |    18 |     5 ||    23
  Dodge: Dodged            |    26 |     5 ||    31
